 Dungeon Crawl Stone Soup version 0.30-a0-137-gd8773701ce (webtiles) character file.

Game seed: 1195614140796053095

559 jlumianski the Chopper (level 7, -1/41 HPs)
             Began as a Gargoyle Gladiator on Sept 21, 2022.
             Slain by an acid dragon (9 damage)
             ... on level 5 of the Dungeon.
             The game lasted 00:13:24 (3982 turns).

jlumianski the Chopper (Gargoyle Gladiator)         Turns: 3982, Time: 00:13:25

Health: -1/41      AC: 12    Str: 25    XL:     7   Next: 31%
Magic:  7/7        EV:  7    Int:  9    God:
Gold:   263        SH:  8    Dex: 11    Spells: 6/6 levels left

rFire   . . .      SeeInvis .    a - +0 war axe
rCold   . . .      Faith    .    y - +2 kite shield
rNeg    + . .      Spirit   .    k - +0 chain mail
rPois   ∞          Reflect  .    c - +1 helmet
rElec   +          Harm     .    (no cloak)
rCorr   .          Rampage  .    (no gloves)
Will    .....                    (no boots)
Stlth   ..........               h - amulet of regeneration
HPRegen 0.93/turn                j - +6 ring of strength
MPRegen 0.10/turn                (no ring)

@: corroded
A: sickness immunity, AC +4, negative energy resistance 1, electricity
resistance, torment resistance 1, petrification resistance
a: no special abilities


You were on level 5 of the Dungeon.
You visited 1 branch of the dungeon, and saw 6 of its levels.

You collected 263 gold pieces.

Inventory:

Hand Weapons
 a - a +0 war axe (weapon)
Missiles
 d - 3 throwing nets
 e - a javelin
 i - 2 poisoned darts (quivered)
 o - 4 atropa-tipped darts
 p - 5 boomerangs of dispersal
Armour
 b - a +0 leather armour
 c - a +1 helmet (worn)
 k - a +0 chain mail (worn)
 r - a +0 ring mail
 y - a +2 kite shield (worn)
Magical Staves
 x - a staff of earth
Jewellery
 h - an amulet of regeneration (around neck)
 j - a +6 ring of strength (left hand)
 l - an amulet of the acrobat
 u - an amulet of reflection
Wands
 s - a wand of quicksilver (5)
Scrolls
 g - a scroll of enchant armour
 v - a scroll of poison {unknown}
 w - a scroll of noise {unknown}
Potions
 f - 2 potions of curing
 m - a potion of flight {unknown}
 n - 2 potions of attraction
 q - 2 potions of invisibility {unknown}
 t - a potion of ambrosia


   Skills:
 + Level 3.4 Fighting
 + Level 5.4 Axes
 + Level 2.1 Throwing
 + Level 3.6 Armour
 + Level 3.4 Dodging
 + Level 0.3 Stealth
 + Level 0.1 Shields


You had 6 spell levels left.
You didn't know any spells.
Your spell library was empty.

Dungeon Overview and Level Annotations

Branches:
Dungeon (6/15)
 Temple: D:4-7

Altars:
Okawaru
Yredelemnul


Innate Abilities, Weirdness & Mutations

You are immune to sickness and miasma.
Your stone body is resilient. (AC +4)
You are immune to poison.
You resist negative energy. (rN+)
You are resistant to electric shocks. (rElec)
You are resistant to unholy torment.
You are immune to petrification.


Message History

You closely miss the scorpion.
The scorpion is heavily wounded.
You block the scorpion's attack. The scorpion barely misses you.
You slash the scorpion!
You kill the scorpion!
There is a stone staircase leading down here.
You climb downwards.
There is a stone staircase leading up here.
The acid dragon spits acid at you. The splash of acid misses you.
You hit the acid dragon but do no damage.
You block the acid dragon's attack.
The acid dragon claws you but does no damage.
You block the acid dragon's attack.
The acid dragon claws you but does no damage.
You hit the acid dragon but do no damage.
The acid dragon bites you! The acid dragon barely misses you.
You slash the acid dragon!
The acid dragon is heavily wounded.
You block the acid dragon's attack.
The acid dragon claws you but does no damage.
The acid dragon spits acid at you. The splash of acid hits you!!
Ouch! That really hurt!
* * * LOW HITPOINT WARNING * * *
The acid corrodes you!
You hit the acid dragon but do no damage.
The acid dragon is heavily wounded.
The acid dragon bites you.
* * * LOW HITPOINT WARNING * * *
The acid dragon claws you but does no damage.
You hit the acid dragon but do no damage.
The acid dragon is heavily wounded.
The acid dragon barely misses you. The acid dragon claws you.
* * * LOW HITPOINT WARNING * * *
You hit the acid dragon but do no damage.
The acid dragon is heavily wounded.
The acid dragon spits acid at you. The splash of acid misses you.
The acid dragon bites you!
You die...

... ###############.#
#)...........##.#
#<####..####.##.#
.##.####..####.##.#
..................########
.##.####..####.###.......#
#.####.......# #.#####.#
#...<..@D....# #.#####
############## #.....#
#####.# #.# # ####.#..
#....... #.##.#.. # #.#..
..# .


You could see an acid dragon (catching breath).

Vanquished Creatures
  An ogre (D:5)
  2 scorpions (D:4)
  A howler monkey (D:5)
  A hound (D:4)
  An orc priest (D:4)
  Terence (D:3)
  Jessica (D:2)
  2 orc wizards (D:4)
  4 gnolls (D:4)
  3 adders
  2 worms (D:3)
  3 dart slugs
  13 orcs
  5 bats
  7 endoplasms
  2 giant cockroaches
  5 goblins
  7 hobgoblins
  4 jackals (D:1)
  2 quokkas (D:2)
  6 ball pythons
  5 frilled lizards
  4 kobolds
  7 rats
89 creatures vanquished.

Notes
Turn   | Place    | Note
-------+----------+-------------------------------------------
     0 | D:1      | jlumianski the Gargoyle Gladiator began the quest for the
                  | Orb.
     0 | D:1      | Reached XP level 1. HP: 12/12 MP: 1/1
   159 | D:1      | Reached XP level 2. HP: 12/17 MP: 2/2
   662 | D:1      | Reached skill level 3 in Axes
   769 | D:1      | Reached XP level 3. HP: 22/22 MP: 3/3
  1386 | D:2      | Found a faded altar of an unknown god.
  1767 | D:2      | You fall into a shaft and drop 1 floor!
  1923 | D:3      | Reached skill level 1 in Armour
  1923 | D:3      | Reached XP level 4. HP: 27/27 MP: 4/4
  1953 | D:3      | Noticed Terence
  1961 | D:3      | Killed Terence
  2073 | D:2      | Found an iron altar of Okawaru.
  2074 | D:2      | Noticed Jessica
  2081 | D:2      | Killed Jessica
  2082 | D:2      | Reached XP level 5. HP: 31/31 MP: 5/5
  2976 | D:5      | Entered Level 5 of the Dungeon
  2976 | D:5      | Noticed an ogre
  2981 | D:5      | Killed an ogre
  2982 | D:5      | Reached skill level 4 in Axes
  2982 | D:5      | Reached XP level 6. HP: 37/37 MP: 6/6
  3222 | D:6      | Noticed an ice beast
  3222 | D:6      | Noticed an acid dragon
  3289 | D:4      | Found a basalt altar of Yredelemnul.
  3768 | D:4      | Reached XP level 7. HP: 41/41 MP: 7/7
  3776 | D:4      | Reached skill level 5 in Axes
  3982 | D:5      | Slain by an acid dragon

Illustrated notes

Levels and vault maps discovered:
D:1:      eino_arrival_cavern_a, layout_basic
D:2:      layout_basic, shapermc_ecumenical_altar_starsandcircs, basic_altar,
          chequers_serial_rivers_room_a, hangedman_decor_lopped, uniq_jessica
D:3:      layout_basic, small_statue_intersection, uniq_terence
D:4:      layout_cave_pods, yredelemnul_altar_generic,
          chequers_serial_rivers_micro_e
D:5:      layout_loops_cross, lemuel_temple_firewalk_b, serial_shops,
          nicolae_shop_overgrown_old_shop, shop
D:6:      layout_loops_ring, minitemple, nicolae_titane

Skill      XL: |  1  2  3  4  5  6  7 |
---------------+----------------------+-----
Throwing       | 2 |  2.1
Axes           | 3 4 5 |  5.4
Armour         | 1 2 3 |  3.6
Dodging        | 3 |  3.4
Fighting       | 3 |  3.4
Stealth        | |  0.3
Shields        | |  0.1

Action                   |  1- 3 |  4- 6 |  7- 9 || total
-------------------------+-------+-------+-------++-------
Melee: War axe           |   156 |   144 |    19 ||   319
       Punch             |     2 |       |       ||     2
Throw: Throwing net      |       |     1 |       ||     1
       Dart              |       |     1 |       ||     1
  Use: Scroll            |       |    10 |       ||    10
       Potion            |       |     4 |       ||     4
Armor: Leather armour    |    66 |       |       ||    66
       Ring mail         |    15 |     7 |       ||    22
       Chain mail        |       |    99 |    11 ||   110
Dodge: Dodged            |   101 |    64 |    10 ||   175
Block: Kite shield       |       |       |    12 ||    12

Table legend: (Time is in decaauts)
 A = Elapsed time spent in this place.
 B = Non-inter-level travel time spent in this place.
 C = Inter-level travel time spent in this place.
 D = Time resting spent in this place.
 E = Time spent auto-exploring this place.
 F = Levels seen in this place.
 G = Mean time per level.
                   A        B        C        D        E       F      G
               +--------+--------+--------+--------+--------+-----+--------+
         Total |   4093 |   3923 |    170 |    156 |   2121 |   6 |  682.2 |
       Dungeon |   4093 |   3923 |    170 |    156 |   2121 |   6 |  682.2 |
               +--------+--------+--------+--------+--------+-----+--------+

Top non-repeatable levels by time:
     D:1: 1265 daAuts
     D:4: 1065 daAuts
     D:2: 874 daAuts
     D:3: 751 daAuts
     D:5: 122 daAuts
     D:6: 13 daAuts
